Map: Selva profunda EE

Players

TATORREA

  • Race: Protoss Protoss
  • League: Silver
  • Spawn Location: 7:00

tigro

  • Race: Terran Terran
  • League: Bronze
  • Spawn Location: 7:00

MrFercho

  • Race: Zerg Zerg
  • League: Silver
  • Spawn Location: 7:00

glMELGAREJO

  • Race: Terran Terran
  • League: Silver
  • Spawn Location: 1:00

TASSADAR

  • Race: Zerg Zerg
  • League: Silver
  • Spawn Location: 1:00

ricksanchez

  • Race: Zerg Zerg
  • League: Gold
  • Spawn Location: 3:00

VOD

Have the link to the VOD?

Description

Time

  • Played on: June 5, 2020, 10:22 p.m.
  • Length: 16:00
Show
View Real Time Build Order
Export as new Build Order

TATORREA Protoss 

Build Orders:  

Get SALT Encoding   

  12  0:01  Probe  
  13  0:27  Probe (Chrono Boost)  
  14  0:35  Pylon  
  14  0:37  Probe (Chrono Boost)  
  15  0:53  Probe  
  16  1:00  Gateway  
  16  1:01  Gateway  
  16  1:05  Gateway  
  16  1:08  Probe  
  17  1:18  Assimilator  
  17  1:20  Probe  
  18  1:32  Probe  
  19  2:00  Cybernetics Core  
  19  2:02  Pylon  
  19  2:05  Nexus  
  19  2:11  Probe  
  20  2:23  Zealot x2  
  20  2:29  Zealot  
  26  2:33  Probe  
  27  2:43  Assimilator  
  27  2:45  Probe  
  28  2:59  Zealot  
  28  3:04  Probe  
  31  3:17  Pylon, Zealot x2  
  35  3:21  Pylon  
  35  3:32  Probe  
  35  3:33  Probe  
  37  3:50  Probe x2  
  37  3:51  Warp Gate (Chrono Boost)  
  39  4:01  Stalker x2  
  39  4:02  Stalker  
  39  4:06  Probe  
  39  4:07  Probe  
  47  4:29  Probe x2  
  49  4:32  Stalker x2 (Chrono Boost)  
  49  4:34  Twilight Council  
  55  4:43  Stalker (Chrono Boost), Probe x2  
  57  4:55  Pylon  
  57  4:56  Probe x2  
  57  4:59  Pylon  
  59  5:09  Probe x2  
  61  5:16  Assimilator  
  61  5:18  Assimilator  
  61  5:22  Gateway  
  61  5:24  Gateway, Probe x2  
  63  5:40  Probe x2  
  65  5:44  Stalker x2  
  65  5:45  Stalker  
  71  5:58  Probe x2  
  73  6:38  Stalker  
  73  6:39  Stalker x2  
  77  6:41  Zealot x2  
  65  6:52  Probe  
  54  7:14  Zealot  
  56  7:18  Nexus  
  56  7:19  Zealot x4  
  64  7:33  Pylon  
  64  7:36  Pylon  
  63  7:37  Charge  
  63  7:39  Pylon  
  63  7:43  Pylon  
  41  8:18  Stalker  
  27  8:48  Pylon  
  27  8:53  Pylon  
  27  8:54  Pylon  
  27  8:57  Nexus  
  27  9:03  Gateway  
  27  9:06  Gateway  
  27  9:07  Gateway  
  27  9:10  Forge, Stargate  
  27  9:12  Stargate  
  27  9:20  Probe x2  
  29  9:28  Pylon  
  29  9:31  Pylon  
  29  9:32  Probe x2  
  29  9:33  Pylon  
  29  9:37  Pylon  
  29  9:43  Stalker x2  
  29  9:44  Probe x2  
  29  9:56  Probe x2  
  31  10:08  Probe x2  
  33  10:20  Probe x2  
  35  10:36  Probe  
  35  10:41  Zealot  
  35  10:42  Zealot x3  
  42  10:48  Protoss Ground Weapons Level 1, Probe  
  44  11:01  Probe  
  38  11:13  Probe  
  38  11:17  Zealot x4  
  38  11:18  Zealot x2  
  44  11:25  Probe  
  45  11:36  Blink  
  45  11:37  Probe  
  46  11:41  Probe x2  
  48  11:48  Assimilator  
  48  11:49  Probe  
  48  11:50  Assimilator  
  48  11:53  Probe  
  50  11:55  Stalker  
  50  11:56  Stalker  
  54  12:01  Stalker, Probe  
  57  12:13  Probe  
  41  12:25  Probe  
  41  12:28  Zealot x3  
  41  12:37  Probe, Zealot  
  43  12:49  Probe  
  16  13:36  Zealot x2  
  16  13:37  Zealot x3  
  16  13:38  Zealot  
  28  13:45  Probe  
  29  14:06  Probe  
  24  14:18  Probe  
  23  14:30  Probe  
  10  14:42  Probe  
Show
View Real Time Build Order
Export as new Build Order

tigro Terran 

Build Orders:  

Get SALT Encoding   

  12  0:03  SCV  
  13  0:15  SCV  
  14  0:26  Supply Depot  
  14  0:28  SCV  
  15  0:35  Refinery  
  15  0:47  SCV  
  16  0:55  Barracks  
  16  1:00  SCV  
  17  1:12  Refinery, SCV  
  18  1:24  SCV  
  19  1:36  SCV  
  20  1:40  Supply Depot  
  20  1:48  Marine, SCV  
  22  2:00  SCV  
  23  2:06  Marine  
  24  2:12  SCV  
  25  2:17  Barracks  
  25  2:24  Marine, SCV  
  27  2:41  Marine, Engineering Bay, Orbital Command  
  28  2:59  Marine  
  29  3:06  Barracks Tech Lab, Factory  
  29  3:29  Missile Turret  
  29  3:50  Missile Turret  
  29  3:55  Factory Tech Lab  
  29  3:57  Barracks Tech Lab  
  29  3:58  Combat Shield  
  29  4:01  Marine  
  30  4:14  Starport  
  30  4:19  Marine  
  31  4:28  Siege Tank  
  31  4:30  Stimpack  
  34  4:34  Command Center, Marine  
  34  4:36  Marine  
  36  4:52  Marine  
  36  4:54  Marine  
  38  5:05  Starport Tech Lab  
  38  5:10  Marine  
  39  5:17  Concussive Shells  
  39  5:20  Armory  
  39  5:45  Medivac, Marine  
  39  5:48  Refinery  
  42  5:52  SCV  
  44  6:04  SCV  
  44  6:09  Fusion Core  
  44  6:16  SCV  
  45  6:28  SCV  
  38  6:40  SCV  
  38  6:43  Marine  
  38  6:44  Marine  
  34  6:52  Siege Tank  
  36  7:01  Marine x2  
  38  7:13  Terran Infantry Weapons Level 1  
  38  7:18  Banshee  
  38  7:19  Marine x2  
  43  7:24  Siege Tank  
  42  7:33  Planetary Fortress  
  42  7:37  Marine x2  
  42  7:40  Refinery  
  38  7:55  Marine x2  
  38  7:56  Siege Tank  
  36  8:13  SCV  
  37  8:25  SCV  
  38  8:32  Marine x2  
  40  8:37  SCV  
  41  8:47  Siege Tank  
  44  8:49  SCV  
  44  8:50  Marine x2  
  44  8:52  Medivac  
  49  9:01  SCV  
  50  9:07  Terran Infantry Armor Level 1  
  50  9:08  Marine x2  
  37  9:19  Siege Tank  
  37  9:22  Viking  
  35  9:25  Marine  
  35  9:26  Marine  
  37  9:43  Marine x2  
  35  10:00  SCV  
  35  10:01  Marine x2  
  38  10:12  SCV  
  39  10:24  SCV  
  40  10:37  SCV  
  41  10:49  SCV  
  42  11:01  Neosteel Armor  
  42  11:05  Missile Turret  
  42  11:07  Marine x2  
  41  11:25  Marine x2  
  36  11:27  Missile Turret  
  37  11:43  Marine x2  
  39  11:47  Missile Turret  
  39  12:00  Marine  
  39  12:01  Marine  
  41  12:03  SCV  
  42  12:15  SCV  
  43  12:18  Marine x2  
  41  12:27  SCV  
  42  12:36  Marine x2  
  44  12:39  SCV  
  44  12:41  Hi-Sec Auto Tracking  
  45  12:44  Missile Turret  
  44  12:51  SCV  
  44  12:54  Marine x2  
  47  13:05  Missile Turret  
  47  13:07  SCV  
  47  13:12  Marine x2  
  50  13:19  SCV  
  51  13:31  SCV  
  52  13:43  SCV  
  53  13:51  Missile Turret  
  53  13:55  SCV  
  54  14:21  Missile Turret  
  54  14:37  SCV  
  43  14:46  Missile Turret  
  24  14:59  Medivac  
  18  15:02  Marine  
  16  15:08  Marine  
  17  15:20  Marine  
  18  15:26  Marine  
  20  15:37  Marine  
Show
View Real Time Build Order
Export as new Build Order

MrFercho Zerg 

Build Orders: Pool First 

Get SALT Encoding   

  12  0:01  Drone  
  13  0:11  Drone  
  14  0:29  Extractor  
  14  0:30  Extractor, Drone  
  14  0:31  Drone  
  16  0:42  Spawning Pool  
  15  1:00  Extractor  
  15  1:03  Overlord  
  14  1:05  Overlord  
  14  1:31  Drone x3  
  17  1:49  Hatchery  
  16  2:04  Drone x2  
  16  2:05  Drone  
  19  2:09  Extractor, Queen  
  20  2:23  Drone  
  20  2:29  Drone  
  22  2:37  Drone  
  23  2:56  Drone  
  24  2:58  Metabolic Boost  
  24  3:01  Lair  
  24  3:08  Evolution Chamber  
  24  3:09  Zergling x2  
  24  3:10  Zergling x2  
  25  3:15  Queen  
  27  3:20  Drone  
  28  3:28  Drone  
  28  3:29  Zergling x2, Hatchery  
  29  4:11  Zergling x2  
  29  4:12  Zergling x10  
  35  4:19  Drone  
  36  4:40  Overlord x2  
  36  4:41  Overlord x2  
  36  4:47  Extractor  
  35  4:53  Zergling x10  
  35  4:59  Zerg Melee Weapons Level 1  
  40  5:14  Zergling x4  
  40  5:15  Zergling x6  
  40  5:17  Drone  
  40  5:18  Drone x3  
  42  6:45  Zergling x14  
  42  6:46  Zergling x4  
  39  6:56  Hydralisk Den  
  38  7:03  Extractor  
  38  7:06  Drone  
  29  7:31  Hydralisk  
  29  7:32  Hydralisk x7  
  29  7:33  Hydralisk x7  
  51  8:32  Hydralisk x4  
  51  8:33  Hydralisk x4  
  67  8:43  Grooved Spines  
  67  8:46  Zerg Missile Weapons Level 1  
  67  8:49  Drone  
  67  8:55  Drone x2  
  68  9:57  Infestation Pit  
  68  9:58  Muscular Augments  
  59  10:17  Overlord x2  
  59  10:18  Overlord  
  59  10:34  Overlord x2  
  59  10:40  Drone x2  
  61  10:43  Drone  
  61  10:44  Drone x4  
  61  10:47  Overlord  
  42  11:53  Hydralisk x5  
  42  11:54  Hydralisk x3  
  33  12:58  Zergling x2  
  33  12:59  Zergling x18  
  40  13:30  Zergling x2  
  40  13:31  Zergling x6  
  10  14:44  Hydralisk  
  10  14:45  Hydralisk x5  
  22  15:14  Hydralisk x2  
Show
View Real Time Build Order
Export as new Build Order

glMELGAREJO Terran 

Build Orders:  

Get SALT Encoding   

  12  0:03  SCV  
  13  0:17  Supply Depot  
  13  0:24  Refinery  
  13  0:27  SCV  
  14  0:39  SCV  
  15  0:50  Refinery  
  15  0:51  SCV  
  16  1:03  SCV  
  17  1:10  Barracks  
  17  1:15  SCV  
  18  1:21  Barracks  
  18  1:27  SCV  
  19  1:39  SCV  
  20  1:51  SCV  
  21  1:57  Barracks  
  21  2:03  SCV  
  22  2:13  Supply Depot  
  22  2:16  SCV  
  22  2:17  Supply Depot, Barracks Tech Lab  
  22  2:18  Barracks Reactor  
  23  2:34  Factory  
  23  2:35  SCV  
  24  2:47  SCV  
  25  2:59  SCV  
  26  3:07  Supply Depot  
  26  3:11  SCV  
  27  3:14  Barracks Reactor  
  27  3:23  SCV  
  27  3:24  Command Center  
  28  3:32  Factory Tech Lab  
  28  3:39  Starport  
  28  3:45  Starport  
  28  3:53  Marine x4  
  32  3:55  Marine  
  33  4:11  Marine  
  34  4:19  Combat Shield  
  34  4:23  Marine x3  
  34  4:24  Marine  
  38  4:38  Refinery  
  38  4:40  Starport Reactor x2  
  38  4:56  Marine  
  38  4:57  Marine x4, Starport  
  43  5:08  SCV  
  44  5:14  Marine  
  44  5:20  SCV  
  46  5:30  Marine x4  
  46  5:32  Marine, SCV  
  52  5:38  Stimpack  
  52  5:48  Marine x4  
  56  5:54  Medivac x3  
  62  6:01  Starport Tech Lab  
  62  6:02  Supply Depot  
  62  6:23  Medivac  
  62  6:24  Supply Depot  
  55  7:41  Command Center  
  35  8:32  Marine x5  
  40  8:39  Siege Tank  
  43  8:49  Marine  
  43  8:50  Supply Depot x2, Marine x4  
  43  8:53  Viking x4  
  56  8:57  Cloaking Field  
  56  9:06  SCV  
  56  9:07  Marine x2  
  56  9:08  Marine x3  
  62  9:11  Siege Tank  
  65  9:18  SCV  
  66  9:25  Marine x3  
  66  9:26  Marine x2  
  66  9:30  SCV  
  72  9:42  SCV  
  72  9:44  Marine  
  74  10:03  Viking x2  
  74  10:04  Viking x2  
  82  10:11  SCV  
  83  10:23  SCV  
  46  11:58  Viking x4  
  56  12:05  Banshee  
  57  12:11  Marine x2  
  59  12:27  Viking  
  59  12:28  Viking x3  
  63  12:42  SCV  
  64  12:48  Banshee  
  67  12:55  SCV  
  67  12:57  Viking  
  70  13:02  Command Center  
  70  13:07  SCV  
  71  13:19  SCV  
  72  13:31  Banshee, SCV  
  76  13:52  Marine x5  
  81  14:09  Marine  
  81  14:10  Marine x4  
  81  14:27  Marine x2  
  58  15:15  SCV  
  59  15:27  SCV  
  60  15:39  SCV  
Show
View Real Time Build Order
Export as new Build Order

TASSADAR Zerg 

Build Orders: Pool First 

Get SALT Encoding   

  12  0:03  Drone  
  13  0:16  Overlord  
  13  0:17  Drone  
  14  0:38  Drone x3  
  17  1:15  Extractor, Drone x2  
  18  1:20  Spawning Pool  
  18  1:23  Hatchery  
  18  1:24  Drone  
  17  1:28  Drone  
  18  1:42  Overlord  
  18  1:54  Drone  
  20  2:15  Drone x2  
  20  2:18  Metabolic Boost  
  21  2:23  Zergling x2  
  22  2:49  Drone x2  
  24  2:51  Queen  
  24  2:53  Drone  
  24  2:54  Drone  
  24  2:58  Overlord  
  28  2:59  Hatchery  
  28  3:05  Drone  
  28  3:09  Extractor  
  28  3:11  Queen  
  29  3:15  Drone x2  
  30  4:01  Lair  
  30  4:11  Drone x3  
  33  4:22  Queen  
  33  4:24  Drone x2  
  37  4:46  Drone x2  
  39  4:53  Extractor  
  39  4:57  Zergling x4  
  39  4:58  Zergling x18  
  49  5:32  Zergling x2  
  49  5:33  Overlord  
  49  5:34  Overlord x4  
  50  5:53  Zergling x22  
  50  5:54  Zergling x6  
  64  6:39  Zergling x14  
  65  6:40  Zergling x14  
  54  7:09  Spire  
  37  8:15  Extractor, Drone  
  37  8:16  Drone x2  
  37  8:19  Drone x3  
  42  8:22  Extractor  
  41  8:32  Mutalisk x4  
  41  8:33  Mutalisk x4  
  57  8:49  Drone  
  58  9:09  Mutalisk  
  58  9:10  Mutalisk x10  
  80  9:25  Hatchery  
  63  10:17  Mutalisk x2  
  63  10:18  Mutalisk x7  
  81  10:27  Extractor  
  80  10:39  Drone  
  81  10:49  Mutalisk x4  
  83  10:55  Zerg Flyer Weapons Level 1  
  89  11:07  Spire  
  88  11:14  Drone  
  88  11:15  Drone x2  
  91  11:28  Zergling x8  
  91  11:29  Zergling x2  
  91  11:30  Overlord x3  
  91  11:31  Overlord x6  
  76  12:58  Mutalisk  
  76  12:59  Mutalisk x17  
  112  13:18  Zerg Flyer Armor Level 1  
  112  13:24  Infestation Pit  
  95  13:48  Mutalisk  
  95  13:49  Mutalisk x4  
  95  13:52  Drone  
  95  13:53  Drone  
  107  14:15  Queen  
  109  14:38  Mutalisk x8  
  109  14:40  Zergling x2  
  126  14:51  Drone  
  128  14:52  Drone  
Show
View Real Time Build Order
Export as new Build Order

ricksanchez Zerg 

Build Orders: Hatch First 

Get SALT Encoding   

  12  0:01  Drone  
  13  0:17  Overlord  
  13  0:27  Drone  
  14  0:31  Extractor  
  14  0:32  Drone  
  14  0:42  Drone  
  15  0:43  Drone  
  16  0:51  Drone  
  17  1:08  Drone  
  18  1:14  Hatchery  
  17  1:27  Drone x2  
  17  1:28  Spawning Pool  
  18  1:33  Drone  
  19  1:46  Evolution Chamber  
  18  1:52  Drone  
  19  2:00  Extractor, Drone  
  19  2:05  Overlord  
  19  2:18  Queen  
  21  2:28  Zergling x2  
  21  2:29  Zergling x2  
  23  2:34  Metabolic Boost  
  23  2:37  Drone  
  23  2:40  Queen, Drone x2  
  28  2:50  Zergling x2  
  29  3:00  Drone  
  29  3:04  Drone x2  
  32  3:28  Zergling x2  
  32  3:29  Zergling x6  
  32  3:32  Overlord  
  32  3:33  Overlord  
  36  3:53  Zergling x4  
  36  3:54  Zergling x2  
  39  3:56  Drone x3  
  42  4:17  Zergling x2  
  42  4:18  Zergling x4  
  42  4:20  Drone  
  42  4:21  Drone x3  
  49  4:27  Overlord  
  49  4:35  Zergling x6  
  49  4:38  Overlord  
  52  4:48  Lair  
  52  4:50  Drone  
  52  4:52  Drone x2  
  55  4:57  Extractor  
  54  5:12  Drone x2  
  55  5:31  Zergling x2  
  55  5:32  Zergling x6  
  55  5:34  Zerg Ground Armor Level 1  
  55  5:35  Zergling x2  
  60  5:36  Zergling x10  
  65  5:45  Overlord  
  65  6:00  Drone  
  65  6:01  Spire  
  65  6:13  Overlord  
  65  6:22  Drone  
  65  6:23  Extractor, Drone  
  50  6:47  Zergling x24  
  45  6:48  Zergling x2  
  56  7:00  Zergling x2  
  56  7:01  Zergling x2  
  58  7:09  Zergling x2  
  58  7:10  Zergling x10  
  62  7:34  Hatchery  
  61  7:39  Mutalisk  
  61  7:40  Mutalisk x6  
  61  7:42  Overlord x4  
  69  8:02  Mutalisk x2  
  69  8:03  Mutalisk  
  68  8:09  Zerg Melee Weapons Level 1  
  68  8:10  Mutalisk  
  68  8:11  Mutalisk  
  64  8:31  Mutalisk  
  64  8:32  Mutalisk x3  
  64  9:37  Mutalisk  
  64  9:38  Mutalisk x5  
  76  9:57  Mutalisk  
  76  9:58  Mutalisk  
  80  10:04  Drone  
  80  10:05  Queen, Drone x2  
  75  10:17  Drone  
  75  10:20  Mutalisk x2  
  80  10:25  Drone  
  80  10:26  Drone  
  82  10:41  Queen  
  80  11:09  Mutalisk  
  80  11:10  Mutalisk x3  
  72  11:16  Queen  
  70  11:26  Zergling x14  
  73  11:38  Drone x3  
  76  11:41  Extractor  
  76  11:43  Mutalisk  
  76  11:44  Mutalisk x2  
  81  11:54  Mutalisk x2  
  85  12:09  Drone x2  
  85  12:14  Hatchery  
  86  12:31  Mutalisk x4  
  86  12:32  Mutalisk  
  96  12:37  Zergling x2  
  96  12:38  Zergling x20  
  105  13:00  Zergling x12  
  91  13:22  Zergling x2  
  91  13:23  Zergling x8, Mutalisk x6  
  108  13:42  Infestation Pit  
  108  13:44  Drone  
  108  13:46  Drone x2  
  110  13:50  Extractor  
  109  13:58  Drone x3  
  112  14:05  Queen  
  114  14:12  Drone x2  
  116  14:22  Hive  
  116  14:41  Queen  
  116  14:42  Zergling x2  
  116  14:43  Overlord  
  116  14:44  Overlord x5  
  117  15:01  Mutalisk  
  117  15:02  Mutalisk x8  
  117  15:06  Drone x3  
  138  15:09  Extractor  
  138  15:11  Mutalisk  
  138  15:13  Zergling x10  
  138  15:14  Zergling x2  
  144  15:17  Queen  
  144  15:33  Mutalisk  
  144  15:34  Mutalisk x3  
  144  15:35  Zergling x2  
  147  15:36  Zergling x2  
Tags
 
Add a new tag
Caveats
  • Supply blocks, unpowered buildings, or Contaminate may cause inaccurate times.
  • Supply counts are checked every 10 seconds.